 Dungeon Crawl Stone Soup version 0.22-a0-425-g89d60a11d8 (webtiles) character file.

229 RedPan the Insei (level 5, 0/41 HPs)
             Began as a Demonspawn Monk on May 24, 2018.
             Succumbed to an orc wizard's poison
             ... on level 4 of the Dungeon.
             The game lasted 00:07:35 (3759 turns).

RedPan the Insei (Demonspawn Monk)                  Turns: 3759, Time: 00:07:36

Health: 0/41       AC:  6    Str: 11    XL:     5   Next: 71%
Magic:  3/5        EV: 12    Int: 12    God:
Gold:   145        SH:  4    Dex: 16    Spells: 4/4 levels left

rFire    + . .     SeeInvis .     - Unarmed
rCold    . . .     Gourm    .   (no shield)
rNeg     . . .     Faith    .   c - +0 ring mail
rPois    .         Spirit   +   d - +0 helmet
rElec    .         Reflect  .   (no cloak)
rCorr    .         Harm     .   (no gloves)
MR       .....                  (no boots)
Stlth    +.........             (no amulet)
HPRegen  0.13/turn              e - ring of protection from fire
MPRegen  0.09/turn              (no ring)

@: lethally poisoned (0 -> -37), very slightly contaminated, invisible
A: large bone plates 1, magic shield
a: no special abilities


You were on level 4 of the Dungeon.
You were very hungry.

You visited 1 branch of the dungeon, and saw 4 of its levels.

You collected 145 gold pieces.

Inventory:

Armour
 a - a +0 robe
 c - a +0 ring mail (worn)
 d - a +0 helmet (worn)
 m - a +1 plate armour
Jewellery
 e - a ring of protection from fire (left hand)
 k - an uncursed ring of fire
Scrolls
 h - a scroll of teleportation
 i - a scroll of identify
 n - 2 scrolls of remove curse
Potions
 f - a potion of agility
 g - 2 potions of brilliance
 l - a potion of lignification
 p - a potion of cancellation
Comestibles
 b - 7 rations


   Skills:
 - Level 3.0 Fighting
 + Level 2.3 Armour
 + Level 3.7 Dodging
 - Level 1.7 Stealth
 * Level 4.6 Unarmed Combat


You had 4 spell levels left.
You didn't know any spells.
Your spell library was empty.

Dungeon Overview and Level Annotations

Branches:
Dungeon (4/15)
 Temple: D:4-7

Altars:
Dithmenos
Okawaru


Innate Abilities, Weirdness & Mutations

You are partially covered in large bone plates. (SH +4)
When hurt, damage is shared between your health and your magic reserves.


Message History

* * * LOW HITPOINT WARNING * * *
You fade into invisibility!
* * * LOW HITPOINT WARNING * * *
You feel very sick.
A puff of flame appears from out of thin air!
The puff of flame hits the orc wizard.
Something hits you but does no damage.
The orc wizard shouts!
You are very lightly contaminated with residual magic.
Okay, then.
Okay, then.
You punch something!
* * * LOW HITPOINT WARNING * * *
You feel sick.
A puff of flame appears from out of thin air!
The puff of flame hits the orc wizard.
The orc wizard dies!
Something hits you but does no damage.
You are more poisoned.
You miss something.
You die...

### #<# ## #####.# #####
... ......# #...# ....
####..#
#.#.##########..... #..#
#>......@{))....?..
#..###.#.#######.......$
####....#.#.# #........
......#.#.#.# #$..#####
#####.....#.# #####
#.#...#.# #.###.#.# #..
..... ### #####


There were no monsters in sight!

Vanquished Creatures
  An orc wizard (D:3)
  An orc priest (D:3)
  4 adders
  An ooze (D:2)
  2 worms (D:3)
  2 dart slugs
  4 leopard geckos
  20 orcs
  9 bats
  2 giant cockroaches (D:3)
  3 goblins
  10 hobgoblins
  9 jackals
  4 kobolds
  2 ball pythons
  8 frilled lizards
  8 rats
90 creatures vanquished.

Vanquished Creatures (others)
  An orc wizard (D:4)
  An adder (D:2)
2 creatures vanquished.

Grand Total: 92 creatures vanquished

Notes
Turn   | Place    | Note
-------+----------+-------------------------------------------
     0 | D:1      | RedPan the Demonspawn Monk began the quest for the Orb.
     0 | D:1      | Reached XP level 1. HP: 18/18 MP: 1/1
   200 | D:1      | Reached skill level 3 in Unarmed Combat
   200 | D:1      | Gained mutation: You are partially covered in large bone plates. (SH +4) [demonic ancestry]
   200 | D:1      | Reached XP level 2. HP: 17/24 MP: 2/2
   548 | D:1      | Reached skill level 1 in Armour
   608 | D:1      | Reached XP level 3. HP: 27/29 MP: 3/3
  1396 | D:2      | Gained mutation: When hurt, damage is shared between your health and your magic reserves. [demonic ancestry]
  1396 | D:2      | Reached XP level 4. HP: 32/35 MP: 4/4
  1691 | D:3      | Found an iron altar of Okawaru.
  1852 | D:3      | Reached skill level 4 in Unarmed Combat
  2158 | D:3      | Reached XP level 5. HP: 21/41 MP: 1/5
  2745 | D:3      | Found a shadowy altar of Dithmenos.
  3758 | D:4      | HP: 2/41 [poisoned by an orc wizard]
  3759 | D:4      | Succumbed to an orc wizard's poison

Vault maps used:
D:1:      dpeg_arrival_yet_another_circle
D:3:      grunt_dithmenos_smoke, first_ration, okawaru_trees_1
D:4:      temple_fountains, uniq_ijyb

Skill      XL: |  1  2  3  4  5 |
---------------+----------------+-----
Unarmed Combat | 3 4 |  4.6
Armour         | 1 2 |  2.3
Dodging        | 3 |  3.7
Fighting       | |  3.0
Stealth        | |  1.7

Action                   |  1- 3 |  4- 6 || total
-------------------------+-------+-------++-------
Melee: Unarmed           |   173 |   209 ||   382
       Dagger            |    12 |       ||    12
       Punch             |     2 |     2 ||     4
  Use: Scroll            |     6 |     6 ||    12
       Potion            |       |     4 ||     4
 Stab: Sleeping          |     3 |     2 ||     5
  Eat: Chunk             |     2 |     6 ||     8
Armor: Ring mail         |    86 |    69 ||   155
       Robe              |     5 |       ||     5
Dodge: Dodged            |   120 |   108 ||   228
Block: Other             |    47 |    34 ||    81

Table legend:
 A = Spawn XP
 B = Non-spawn XP
 C = Spawn XP percentage of total XP
 D = Spawn monster count
 E = Non-spawn monster count
 F = Spawn count percentage of total count
 G = Total turns spent on level
                    A         B        C        D         E        F      G
               +---------+---------+-------+---------+---------+-------+---------
         Total |       0 |     328 |   0.0 |       0 |      91 |   0.0 |  3759
               +---------+---------+-------+---------+---------+-------+---------
           D:1 |       0 |      44 |   0.0 |       0 |      26 |   0.0 |   836
           D:2 |       0 |      58 |   0.0 |       0 |      20 |   0.0 |   855
           D:3 |       0 |     223 |   0.0 |       0 |      44 |   0.0 |  2005
           D:4 |       0 |       3 |   0.0 |       0 |       1 |   0.0 |    63
               +---------+---------+-------+---------+---------+-------+---------
